EVO
UCLA BRUINS @ UNIVERSITY OF SOUTH CAROLINA GAMECOCKS
10/14/2049
 
TOP OF THE 1ST
UCLA Bruins batting - Pitching for University of South Carolina Gamecocks : RHP Milorad Telacevic
Pitching: RHP Milorad Telacevic
Batting: LHB Mark Cummings 0-0: Ball
1-0: SINGLE (Line Drive, 34, EV 103.8 MPH)
Batting: LHB Young-lau Seow 0-0: Ball
Mark Cummings steals 2nd base (no throw)
1-0: Ball
2-0: Foul Ball, location: 2F
2-1: Foul Ball, location: 2F
2-2: Ball
3-2: DOUBLE (Line Drive, 8RXD, EV 109.4 MPH)
Mark Cummings scores
Batting: RHB Andy Knerr 0-0: Called Strike
0-1: Called Strike
0-2: Ball
1-2: Ball
2-2: Foul Ball, location: 2F
2-2: Ball
3-2: Foul Ball, location: 2F
3-2: Fly out, F7 (Flyball, 7D, EV 90.6 MPH)
Runner from 2nd tags up, SAFE at 3rd with throw by LF
Batting: RHB Ethan Krause 0-0: Called Strike
0-1: Ball
1-1: Foul Ball, location: 2F
1-2: Foul Ball, location: 2F
1-2: Foul Ball, location: 2F
1-2: Foul Ball, location: 2F
1-2: Foul Ball, location: 2F
1-2: Strikes out swinging
Batting: RHB Issac Konol 0-0: Ball
1-0: Foul Ball, location: 2F
1-1: Swinging Strike
1-2: Fly out, F4 (Flyball, 34D, EV 91.9 MPH)
Top of the 1st over - 1 run, 2 hits, 0 errors, 1 left on base; UCLA 1 - University of South Carolina 0
BOTTOM OF THE 1ST
University of South Carolina Gamecocks batting - Pitching for UCLA Bruins : LHP Victor Orozco
Pitching: LHP Victor Orozco
Batting: LHB Jörg Young 0-0: Ball
1-0: Ball
2-0: Ball
3-0: Called Strike
3-1: Called Strike
3-2: Foul Ball, location: 2F
3-2: Foul Ball, location: 2F
3-2: Foul Ball, location: 2F
3-2: SOLO HOME RUN (Flyball, 9LD, EV 93.8 MPH), Distance : 369 ft
Batting: RHB Brian Passalacqua 0-0: Ball
1-0: Called Strike
1-1: Ball
2-1: Foul Ball, location: 2F
2-2: Foul Ball, location: 2F
2-2: Foul Ball, location: 2F
2-2: Foul Ball, location: 2F
2-2: Foul Ball, location: 2F
2-2: Foul Ball, location: 2F
2-2: Ball
3-2: Base on Balls
Batting: SHB Keith Mihas 0-0: Swinging Strike
0-1: Swinging Strike
0-2: Strikes out swinging
Batting: RHB Justin Kurutz 0-0: SINGLE (Flyball, 8RS, EV 90.0 MPH)
Brian Passalacqua to second
Batting: RHB Lance Neldon 0-0: Ball
1-0: Ball
2-0: Called Strike
2-1: Swinging Strike
2-2: Strikes out swinging
Batting: LHB Corey Lomas 0-0: Ball
1-0: Foul Ball, location: 2F
1-1: SINGLE (Groundball, 5L, EV 101.2 MPH) (infield hit)
Brian Passalacqua to third
Justin Kurutz to second
Batting: LHB David Fowler 0-0: Called Strike
0-1: Ball
1-1: Ball
2-1: Called Strike
2-2: Ball
3-2: Base on Balls
Brian Passalacqua scores
Justin Kurutz to third
Corey Lomas to second
Batting: RHB Ben Turner 0-0: Ball
Wild Pitch!
Justin Kurutz scores
Corey Lomas to third
David Fowler to second
1-0: Ball
2-0: Called Strike
2-1: Ball
3-1: SINGLE (Groundball, 34D, EV 105.6 MPH)
Corey Lomas scores
David Fowler to third
Runner from 3rd tries for Home, throw by RF and OUT! 9-2
Bottom of the 1st over - 4 runs, 4 hits, 0 errors, 1 left on base; UCLA 1 - University of South Carolina 4
TOP OF THE 2ND
UCLA Bruins batting - Pitching for University of South Carolina Gamecocks : RHP Milorad Telacevic
Batting: RHB Dave Spradley 0-0: SINGLE (Line Drive, 9S, EV 97.5 MPH)
Batting: RHB Michael Alvarado 0-0: Called Strike
0-1: Swinging Strike
0-2: Foul Ball, location: 2F
0-2: Foul Ball, location: 2F
0-2: Strikes out swinging
Batting: RHB Pete Devaux 0-0: Ball
1-0: Called Strike
1-1: Foul Ball, location: 2F
1-2: Ball
2-2: Fly out, F9 (Flyball, 9D, EV 94.4 MPH)
Batting: RHB Melvin Yanes 0-0: Called Strike
0-1: Called Strike
0-2: Strikes out looking
Top of the 2nd over - 0 runs, 1 hit, 0 errors, 1 left on base; UCLA 1 - University of South Carolina 4
BOTTOM OF THE 2ND
University of South Carolina Gamecocks batting - Pitching for UCLA Bruins : LHP Victor Orozco
Batting: RHB Danny Narvaez 0-0: Ball
1-0: Ball
2-0: SINGLE (Groundball, 6M, EV 102.5 MPH) (infield hit)
Batting: LHB Jörg Young 0-0: Called Strike
0-1: Foul Ball, location: 2F
0-2: Ball
1-2: Ball
2-2: Strikes out looking
Batting: RHB Brian Passalacqua 0-0: Ball
1-0: SINGLE (Flyball, 56D, EV 92.5 MPH)
Danny Narvaez to second
Batting: SHB Keith Mihas 0-0: Ball
1-0: Foul Ball, location: 2F
1-1: Ball
2-1: Ball
3-1: Foul Ball, location: 2F
3-2: Foul Ball, location: 2F
3-2: SINGLE (Groundball, 6MD, EV 106.2 MPH)
Danny Narvaez to third
Brian Passalacqua to second
Runner from 3rd tries for Home, SAFE, throw by CF to home
Pitching: LHP Joe Landgraff
Batting: RHB Justin Kurutz 0-0: Called Strike
0-1: Swinging Strike
0-2: Ball
1-2: Strikes out looking
Batting: RHB Lance Neldon 0-0: Ball
1-0: Ball
2-0: Ball
3-0: Called Strike
3-1: Called Strike
3-2: Foul Ball, location: 2F
3-2: Foul Ball, location: 2F
3-2: Base on Balls
Brian Passalacqua to third
Keith Mihas to second
Batting: LHB Corey Lomas 0-0: Called Strike
0-1: Swinging Strike
0-2: Ball
1-2: Foul Ball, location: 2F
1-2: GRAND SLAM HOME RUN (Flyball, 9LD, EV 100.0 MPH), Distance : 367 ft
Batting: LHB David Fowler 0-0: Ball
1-0: Ball
2-0: Ball
3-0: Base on Balls
Batting: RHB Ben Turner 0-0: Called Strike
0-1: Swinging Strike
0-2: Ball
1-2: Foul Ball, location: 2F
1-2: Strikes out swinging
Bottom of the 2nd over - 5 runs, 4 hits, 0 errors, 1 left on base; UCLA 1 - University of South Carolina 9
TOP OF THE 3RD
UCLA Bruins batting - Pitching for University of South Carolina Gamecocks : RHP Milorad Telacevic
Batting: LHB Mark Cummings 0-0: Ball
1-0: Called Strike
1-1: Ball
2-1: Foul Ball, location: 2F
2-2: Ball
3-2: SINGLE (Groundball, 6S, EV 68.8 MPH) (infield hit)
Batting: LHB Young-lau Seow 0-0: Ball
1-0: Ball
2-0: Called Strike
2-1: Fielders Choice at 2nd, 3-6 (Groundball, 3, EV 94.4 MPH)
Batting: RHB Andy Knerr 0-0: Ball
Young-lau Seow steals 2nd base (no throw)
1-0: Ball
2-0: Foul Ball, location: 2F
2-1: Called Strike
2-2: Ground out 3-1 (Groundball, 34, EV 85.6 MPH)
Young-lau Seow to third
Batting: RHB Ethan Krause 0-0: Ball
1-0: Ground out 5-3 (Groundball, 56S, EV 85.0 MPH)
Top of the 3rd over - 0 runs, 1 hit, 0 errors, 1 left on base; UCLA 1 - University of South Carolina 9
BOTTOM OF THE 3RD
University of South Carolina Gamecocks batting - Pitching for UCLA Bruins : LHP Joe Landgraff
Batting: RHB Danny Narvaez 0-0: Called Strike
0-1: Fly out, F9 (Flyball, 9, EV 99.4 MPH)
Pitching: RHP Juan Zatarain
Batting: LHB Jörg Young 0-0: Foul Ball, location: 2F
0-1: Ball
1-1: Called Strike
1-2: SOLO HOME RUN (Flyball, 9D, EV 95.0 MPH), Distance : 373 ft
Batting: RHB Brian Passalacqua 0-0: Ball
1-0: SINGLE (Groundball, 6S, EV 76.9 MPH) (infield hit)
Batting: SHB Keith Mihas 0-0: Ball
1-0: Ball
Wild Pitch!
Brian Passalacqua to second
2-0: Called Strike
2-1: SINGLE (Line Drive, 89S, EV 108.1 MPH)
Brian Passalacqua to third
Batting: RHB Justin Kurutz 0-0: Swinging Strike
0-1: Foul Ball, location: 2F
0-2: Ball
1-2: Ball
2-2: Foul Ball, location: 2F
2-2: Ball
3-2: Fly out, F9 (Flyball, 9D, EV 103.1 MPH)
Runner from 3rd tags up, SCORES, no throw by RF
Batting: RHB Lance Neldon 0-0: Fly out, F9 (Flyball, 89M, EV 93.8 MPH)
Bottom of the 3rd over - 2 runs, 3 hits, 0 errors, 1 left on base; UCLA 1 - University of South Carolina 11
TOP OF THE 4TH
UCLA Bruins batting - Pitching for University of South Carolina Gamecocks : RHP Milorad Telacevic
Batting: RHB Issac Konol 0-0: Ball
1-0: Fly out, F1 (Popup, 13, EV 78.1 MPH)
Batting: RHB Dave Spradley 0-0: Called Strike
0-1: Ball
1-1: Foul Ball, location: 2F
1-2: Ball
2-2: Strikes out swinging
Batting: RHB Michael Alvarado 0-0: Fly out, F9 (Line Drive, 89S, EV 90.6 MPH)
Top of the 4th over - 0 runs, 0 hits, 0 errors, 0 left on base; UCLA 1 - University of South Carolina 11
BOTTOM OF THE 4TH
University of South Carolina Gamecocks batting - Pitching for UCLA Bruins : RHP Juan Zatarain
Batting: LHB Corey Lomas 0-0: Swinging Strike
0-1: Called Strike
0-2: Strikes out swinging
Batting: LHB David Fowler 0-0: Ball
1-0: Ball
2-0: Called Strike
2-1: Swinging Strike
2-2: Strikes out swinging
Batting: RHB Ben Turner 0-0: Ball
1-0: Ground out 4-3 (Groundball, 4, EV 90.6 MPH)
Bottom of the 4th over - 0 runs, 0 hits, 0 errors, 0 left on base; UCLA 1 - University of South Carolina 11
TOP OF THE 5TH
UCLA Bruins batting - Pitching for University of South Carolina Gamecocks : RHP Milorad Telacevic
Batting: RHB Pete Devaux 0-0: Ball
1-0: Ground out 1-3 (Groundball, 13S, EV 68.8 MPH)
Batting: RHB Melvin Yanes 0-0: Called Strike
0-1: Foul Ball, location: 2F
0-2: Strikes out looking
Batting: LHB Mark Cummings 0-0: Ball
1-0: SINGLE (Flyball, 5D, EV 90.0 MPH)
Batting: LHB Young-lau Seow 0-0: Swinging Strike
0-1: Ball
Mark Cummings steals 2nd base (no throw)
1-1: Ground out 5-3 (Groundball, 5L, EV 86.2 MPH)
Top of the 5th over - 0 runs, 1 hit, 0 errors, 1 left on base; UCLA 1 - University of South Carolina 11
BOTTOM OF THE 5TH
University of South Carolina Gamecocks batting - Pitching for UCLA Bruins : RHP Juan Zatarain
Pitching: LHP Marcus Finch
Batting: RHB Danny Narvaez 0-0: Called Strike
0-1: Ball
1-1: Ball
2-1: Ground out 4-3 (Groundball, 4MD, EV 82.5 MPH)
Batting: LHB Jörg Young 0-0: Ball
1-0: Called Strike
1-1: Ball
2-1: SINGLE (Groundball, 3D, EV 100.6 MPH)
Batting: RHB Brian Passalacqua 0-0: Called Strike
0-1: Ball
1-1: Fly out, F3 (Line Drive, 3L, EV 63.8 MPH)
Batting: SHB Keith Mihas 0-0: SINGLE (Line Drive, 78S, EV 101.2 MPH)
Jörg Young to second
Runner from 2nd tries for 3rd, SAFE, throw by LF made to third
Batting: RHB Justin Kurutz 0-0: Ball
1-0: Foul Ball, location: 2F
1-1: Fielders Choice at 2nd, 5-4 (Groundball, 56, EV 83.1 MPH)
Bottom of the 5th over - 0 runs, 2 hits, 0 errors, 2 left on base; UCLA 1 - University of South Carolina 11
TOP OF THE 6TH
UCLA Bruins batting - Pitching for University of South Carolina Gamecocks : RHP Milorad Telacevic
Batting: RHB Andy Knerr 0-0: Ball
1-0: Foul Ball, location: 2F
1-1: Ground out 6-3 (Groundball, 6, EV 96.2 MPH)
Batting: RHB Ethan Krause 0-0: SOLO HOME RUN (Line Drive, 7LD, EV 97.5 MPH), Distance : 389 ft
Batting: RHB Issac Konol 0-0: Called Strike
0-1: Ball
1-1: Foul Ball, location: 2F
1-2: Fly out, F7 (Flyball, 7LS, EV 73.1 MPH)
Batting: RHB Dave Spradley 0-0: Called Strike
0-1: Called Strike
0-2: Ball
1-2: SOLO HOME RUN (Flyball, 9D, EV 100.0 MPH), Distance : 375 ft
Batting: RHB Michael Alvarado 0-0: Ball
1-0: Ball
2-0: Ball
3-0: Called Strike
3-1: Called Strike
3-2: Fly out, F8 (Flyball, 78M, EV 79.4 MPH)
Top of the 6th over - 2 runs, 2 hits, 0 errors, 0 left on base; UCLA 3 - University of South Carolina 11
BOTTOM OF THE 6TH
University of South Carolina Gamecocks batting - Pitching for UCLA Bruins : LHP Marcus Finch
Batting: RHB Lance Neldon 0-0: Called Strike
0-1: SINGLE (Groundball, 56S, EV 63.1 MPH) (infield hit)
Batting: LHB Corey Lomas 0-0: Called Strike
0-1: Called Strike
0-2: Ball
1-2: Ball
2-2: Ball
3-2: Foul Ball, location: 2F
3-2: SINGLE (Line Drive, 7S, EV 105.6 MPH)
Lance Neldon to second
Pitching: RHP Cyrano Papadoupolos
Batting: LHB David Fowler 0-0: Called Strike
0-1: Ball
1-1: Ground out 4-3 (Groundball, 34D, EV 99.4 MPH)
Lance Neldon to third
Corey Lomas to second
Batting: RHB Ben Turner 0-0: Ball
1-0: Called Strike
1-1: Ball
2-1: Foul Ball, location: 2F
2-2: DOUBLE (Line Drive, 9LD, EV 105.0 MPH)
Lance Neldon scores
Corey Lomas scores
Batting: RHB Danny Narvaez 0-0: Called Strike
0-1: Ground out 4-3 (Groundball, 4, EV 85.6 MPH)
Ben Turner to third
Batting: LHB Jörg Young 0-0: Called Strike
0-1: Swinging Strike
0-2: Foul Ball, location: 2F
0-2: Ball
1-2: Foul Ball, location: 2F
1-2: Strikes out looking
Bottom of the 6th over - 2 runs, 3 hits, 0 errors, 1 left on base; UCLA 3 - University of South Carolina 13
TOP OF THE 7TH
UCLA Bruins batting - Pitching for University of South Carolina Gamecocks : RHP Milorad Telacevic
Pinch Hitting: SHB Steve Fouhy 0-0: Ball
1-0: Called Strike
1-1: Ground out 4-3 (Groundball, 34D, EV 90.6 MPH)
Batting: RHB Melvin Yanes 0-0: Called Strike
0-1: Foul Ball, location: 2F
0-2: Strikes out swinging
Batting: LHB Mark Cummings 0-0: Called Strike
0-1: Called Strike
0-2: Ball
1-2: Ball
2-2: Ground out 4-3 (Groundball, 34, EV 84.4 MPH)
Top of the 7th over - 0 runs, 0 hits, 0 errors, 0 left on base; UCLA 3 - University of South Carolina 13
BOTTOM OF THE 7TH
University of South Carolina Gamecocks batting - Pitching for UCLA Bruins : RHP Cyrano Papadoupolos
Now at 3B: Steve Fouhy
Batting: RHB Brian Passalacqua 0-0: Ball
1-0: Called Strike
1-1: Fly out, F3 (Popup, 3L, EV 66.2 MPH)
Batting: SHB Keith Mihas 0-0: Called Strike
0-1: Ball
1-1: Foul Ball, location: 2F
1-2: SOLO HOME RUN (Flyball, 78XD, EV 103.8 MPH), Distance : 419 ft
Pinch Hitting: LHB Bert Webster 0-0: Ball
1-0: Ball
2-0: Foul Ball, location: 2F
2-1: Ball
3-1: Foul Ball, location: 2F
3-2: SINGLE (Line Drive, 9S, EV 104.4 MPH)
Pitching: LHP Honor Munoz
Batting: RHB Lance Neldon 0-0: Ball
1-0: Called Strike
1-1: Called Strike
1-2: Fly out, F7 (Flyball, 7LS, EV 85.0 MPH)
Batting: LHB Corey Lomas 0-0: Ball
1-0: Foul Ball, location: 2F
1-1: Ball
2-1: Foul Ball, location: 2F
2-2: Ball
3-2: Foul Ball, location: 2F
3-2: Foul Ball, location: 2F
3-2: Fly out, F8 (Flyball, 8LM, EV 95.0 MPH)
Bottom of the 7th over - 1 run, 2 hits, 0 errors, 1 left on base; UCLA 3 - University of South Carolina 14
TOP OF THE 8TH
UCLA Bruins batting - Pitching for University of South Carolina Gamecocks : RHP Milorad Telacevic
Now at SS: Bert Webster
Batting: LHB Young-lau Seow 0-0: Ball
1-0: Ball
2-0: Ground out 3-1 (Groundball, 34, EV 98.8 MPH)
Batting: RHB Andy Knerr 0-0: Ball
1-0: Called Strike
1-1: SINGLE (Groundball, 6M, EV 108.8 MPH) (infield hit)
Batting: RHB Ethan Krause 0-0: SINGLE (Groundball, 25, EV 70.0 MPH) (infield hit)
Andy Knerr to second
Pinch Hitting: LHB Scott Mullett 0-0: Ball
1-0: Foul Ball, location: 2F
1-1: Grounds into double play, 4-6-3 (Groundball, 4, EV 79.4 MPH)
Top of the 8th over - 0 runs, 2 hits, 0 errors, 1 left on base; UCLA 3 - University of South Carolina 14
BOTTOM OF THE 8TH
University of South Carolina Gamecocks batting - Pitching for UCLA Bruins : LHP Honor Munoz
Now at 1B: Scott Mullett
Batting: LHB David Fowler 0-0: Fly out, F8 (Flyball, 78S, EV 88.8 MPH)
Batting: RHB Ben Turner 0-0: Called Strike
0-1: Ball
1-1: Ball
2-1: Called Strike
2-2: Ball
3-2: Base on Balls
Batting: RHB Danny Narvaez 0-0: Foul Ball, location: 2F
0-1: Ball
1-1: Ball
2-1: Fly out, F8 (Flyball, 8RD, EV 103.8 MPH)
Batting: LHB Jörg Young 0-0: Called Strike
0-1: Ball
1-1: Ball
2-1: Foul Ball, location: 2F
2-2: Strikes out swinging
Bottom of the 8th over - 0 runs, 0 hits, 0 errors, 1 left on base; UCLA 3 - University of South Carolina 14
TOP OF THE 9TH
UCLA Bruins batting - Pitching for University of South Carolina Gamecocks : RHP Milorad Telacevic
Batting: RHB Dave Spradley 0-0: Called Strike
0-1: Called Strike
0-2: SINGLE (Groundball, 56, EV 96.2 MPH)
Batting: RHB Michael Alvarado 0-0: Foul Ball, location: 2F
0-1: Fly out, F7 (Flyball, 7S, EV 71.9 MPH)
Pinch Hitting: LHB Dave Hutchison 0-0: Ball
1-0: SINGLE (Groundball, 34D, EV 98.1 MPH)
Dave Spradley to second
Pinch Hitting: SHB Sean Munns 0-0: Ball
1-0: Called Strike
1-1: Ball
2-1: DOUBLE (Line Drive, 89D, EV 105.0 MPH)
Dave Spradley scores
Dave Hutchison to third
Batting: LHB Mark Cummings 0-0: Ball
1-0: Fly out, F8 (Flyball, 8LD, EV 108.8 MPH)
Runner from 3rd tags up, SCORES, no throw by CF
Pitching: RHP Danny Ramos
Batting: LHB Young-lau Seow 0-0: Called Strike
0-1: Called Strike
0-2: Ball
1-2: Fly out, F9 (Flyball, 9, EV 90.0 MPH)
Top of the 9th over - 2 runs, 3 hits, 0 errors, 1 left on base; UCLA 5 - University of South Carolina 14
Sunday, July 16th , 2023 - OOTP Baseball 24.6 Build 69